 Dungeon Crawl Stone Soup version 0.30-a0-632-g346586fe48 (webtiles) character file.

Game seed: 4643490680887689292

284 wormed the Insei (level 6, -7/39 HPs)
             Began as an Octopode Transmuter on Jan 13, 2023.
             Mangled by a gnoll
             ... wielding a +0 spear
             ... led by a gnoll bouda
              (9 damage)
             ... on level 4 of the Dungeon.
             The game lasted 00:03:23 (2890 turns).

wormed the Insei (Octopode Transmuter)              Turns: 2890, Time: 00:03:23

Health: -7/39      AC:  1    Str: 10    XL:     6   Next: 29%
Magic:  0/10       EV: 13    Int: 17    God:
Gold:   95         SH:  0    Dex: 12    Spells: 3/10 levels left

rFire   . . .      SeeInvis .      - Unarmed
rCold   . . .      Faith    .    (no shield)
rNeg    . . .      Spirit   +    (helmet restricted)
rPois   .          Reflect  .    d - amulet of guardian spirit
rElec   .          Harm     .    (no ring)
rCorr   .          Rampage  .    (no ring)
Will    .....                    (no ring)
Stlth   ++                       (no ring)
HPRegen 0.26/turn                (no ring)
MPRegen 0.12/turn                (no ring)
                                 (no ring)
                                 (no ring)

@: no status effects
A: almost no armour, amphibious, 8 rings, camouflage 1, gelatinous body 1,
(nimble swimmer 1), tentacles
a: no special abilities


You were on level 4 of the Dungeon.
You visited 1 branch of the dungeon, and saw 4 of its levels.

You collected 95 gold pieces.

Inventory:

Jewellery
 d - an amulet of guardian spirit (around mantle)
Wands
 b - a wand of light (8)
 e - a wand of polymorph (9)
 n - a wand of digging (7)
Scrolls
 h - 2 scrolls of noise
 i - a scroll of teleportation
Potions
 a - 4 potions of lignification
 c - 2 potions of heal wounds
 f - 3 potions of curing {unknown}
 g - a potion of degeneration {unknown}
 j - 2 potions of haste {unknown}
 k - a potion of mutation {unknown}
 m - a potion of might {unknown}


   Skills:
 + Level 2.3 Fighting
 + Level 3.0 Dodging
 + Level 3.7 Unarmed Combat
 + Level 2.8 Spellcasting
 + Level 2.9 Transmutations
 * Level 3.1 Ice Magic


You had 3 spell levels left.
You knew the following spells:

 Your Spells              Type           Power      Damage    Failure   Level
a - Beastly Appendage     Tmut           24%        N/A       5%          1
b - Wereblood             Tmut           12%        N/A       8%          2
c - Ice Form              Ice/Tmut       12%        N/A       45%         4

Your spell library contained the following spells:

 Spells                   Type           Power      Damage    Failure   Level
 Shock                    Conj/Air       8%         1d3       19%         1
 Summon Small Mammal      Summ           8%         N/A       19%         1
 Spider Form              Tmut/Pois      7%         N/A       28%         3
 Call Canine Familiar     Summ           2%         N/A       47%         3
 Gell's Gravitas          Tloc           2%         N/A       47%         3
 Lesser Beckoning         Tloc           4%         N/A       47%         3
 Summon Guardian Golem    Hex/Summ       2%         N/A       47%         3
 Swiftness                Air            2%         N/A       47%         3
 Teleport Other           Tloc           2%         N/A       47%         3
 Airstrike                Air            1%         2d(1-17)  87%         4


Dungeon Overview and Level Annotations

Branches:
Dungeon (4/15)
 Temple: D:4-7

Altars:
Qazlal


Innate Abilities, Weirdness & Mutations

You cannot wear most types of armour.
You are amphibious.
You can wear up to eight rings at the same time.
Your skin changes colour to match your surroundings (Stealth+).
Your rubbery body absorbs attacks. (AC +1, EV +1)
((You are camouflaged when in or above water. (Stealth+)))
You have tentacles for arms and can constrict up to eight enemies at once.


Message History

There are monsters nearby!
The gnoll hits you from afar with a +0 spear!
You see here a giant cockroach corpse.
A gnoll bouda comes into view. It is wielding a +0 club.
Your primal bloodlust is almost over.
The gnoll bouda shouts!
The gnoll hits you with a +0 spear!
You closely miss the gnoll. You grab the gnoll.
You pierce the gnoll, but do no damage.
You constrict the gnoll. The gnoll hits you with a +0 spear.
The gnoll bouda calls upon its god to heal the gnoll.
The gnoll's wounds heal themselves!
You tentacle-slap the gnoll but do no damage.
You pierce the gnoll, but do no damage.
Your tentacle spike disappears.
You constrict the gnoll, but do no damage.
The gnoll barely misses you.
A gnoll comes into view. It is wielding a +0 halberd.
The gnoll hits you from afar with a +0 halberd!
You release your grip on the gnoll.
The gnoll hits you from afar with a +0 spear.
* * * LOW HITPOINT WARNING * * *
You see here a giant cockroach corpse.
The hobgoblin attacks as you move away! The hobgoblin hits you.
* * * LOW HITPOINT WARNING * * *
The hobgoblin attacks as you move away! The hobgoblin hits you.
* * * LOW HITPOINT WARNING * * *
The gnoll bouda barks out a call to the hunt!
The gnolls pick up the pace!
You barely miss the hobgoblin. You grab the hobgoblin.
You squeeze the hobgoblin.
You feel a bit better.
You kill the hobgoblin!
Your primal bloodlust has ended.
The gnoll hits you from afar with a +0 spear.
* * * LOW HITPOINT WARNING * * *
The gnoll hits you from afar with a +0 halberd.
* * * LOW HITPOINT WARNING * * *
The gnoll completely misses you.
The gnoll hits you from afar with a +0 spear!
You die...

#.###.# #
#####.†.#.##.#
.........$..#.###
########!g#.....#
... #g.....#.
#†###g....##.
#....g.......
#####.#.....#..
#......@###.# .
#......>..# ...
###......... .##
#.##.##..... $ #.
#. #..##... # #.
...# .. #. ...# .
....


You could see a gnoll bouda and 3 gnolls.

Vanquished Creatures
  A necrophage (D:3)
  A hound (D:3)
  Jessica (D:2)
  Natasha (thrice) (D:3)
  3 adders
  A worm (D:3)
  A dart slug (D:2)
  4 ball pythons
  4 bats
  6 endoplasms
  5 giant cockroaches
  8 goblins
  6 hobgoblins
  5 jackals
  2 kobolds (D:1)
  3 frilled lizards
  6 rats
60 creatures vanquished.

Notes
Turn   | Place    | Note
-------+----------+-------------------------------------------
     0 | D:1      | wormed the Octopode Transmuter began the quest for the Orb.
     0 | D:1      | Reached XP level 1. HP: 13/13 MP: 3/3
   275 | D:1      | Reached XP level 2. HP: 15/18 MP: 3/5
   278 | D:1      | Learned a level 2 spell: Wereblood
   566 | D:1      | Reached skill level 1 in Ice Magic
   700 | D:1      | Reached XP level 3. HP: 20/23 MP: 3/6
   945 | D:2      | Noticed Jessica
   951 | D:2      | Killed Jessica
  1059 | D:2      | Reached XP level 4. HP: 28/28 MP: 3/7
  1854 | D:2      | Learned a level 4 spell: Ice Form
  1893 | D:3      | Noticed a necrophage
  1902 | D:3      | Killed a necrophage
  1903 | D:3      | Reached XP level 5. HP: 23/34 MP: 5/8
  2023 | D:3      | Noticed Natasha
  2038 | D:3      | Killed Natasha
  2208 | D:3      | Noticed Natasha
  2215 | D:3      | Killed Natasha
  2216 | D:3      | Reached XP level 6. HP: 39/39 MP: 6/10
  2230 | D:3      | Noticed Natasha
  2238 | D:3      | Killed Natasha
  2681 | D:3      | Found a stormy altar of Qazlal.
  2886 | D:4      | HP: 1/39 [gnoll/+0 halberd[a gnoll bouda] (5)]
  2890 | D:4      | Mangled by a gnoll

Illustrated notes

Levels and vault maps discovered:
D:1:      lightli_arrival_lavapool, layout_basic, minivault_26,
          minmay_box_of_dots
D:2:      layout_basic, minmay_3d_cube, uniq_jessica
D:3:      layout_loops_cross, nicolae_qazlal_scattered_showers, uniq_natasha
D:4:      layout_rooms

Skill      XL: |  1  2  3  4  5  6 |
---------------+-------------------+-----
Ice Magic      | 1 2 3 |  3.1
Fighting       | 2 |  2.3
Dodging        | 3 |  3.0
Unarmed Combat | |  3.7
Spellcasting   | |  2.8
Transmutations | |  2.9

Action                   |  1- 3 |  4- 6 || total
-------------------------+-------+-------++-------
Melee: Unarmed           |    43 |    74 ||   117
       Constrict         |    16 |    17 ||    33
       Tentacles         |    10 |    12 ||    22
       Kick              |    13 |    18 ||    31
       Punch             |     3 |     2 ||     5
 Cast: Beastly Appendage |    13 |    17 ||    30
       Wereblood         |     7 |    16 ||    23
  Use: Scroll            |     1 |     8 ||     9
 Stab: Sleeping          |     3 |     2 ||     5
       Distracted        |       |     1 ||     1
Armor: Skin              |     4 |     2 ||     6
Dodge: Dodged            |    26 |    47 ||    73

Table legend: (Time is in decaauts)
 A = Elapsed time spent in this place.
 B = Non-inter-level travel time spent in this place.
 C = Inter-level travel time spent in this place.
 D = Time resting spent in this place.
 E = Time spent auto-exploring this place.
 F = Levels seen in this place.
 G = Mean time per level.
                   A        B        C        D        E       F      G
               +--------+--------+--------+--------+--------+-----+--------+
         Total |   2882 |   2811 |     71 |      0 |   2388 |   4 |  720.5 |
       Dungeon |   2882 |   2811 |     71 |      0 |   2388 |   4 |  720.5 |
               +--------+--------+--------+--------+--------+-----+--------+

Top non-repeatable levels by time:
     D:1: 983 daAuts
     D:3: 944 daAuts
     D:2: 899 daAuts
     D:4: 56 daAuts
